 Dungeon Crawl Stone Soup version 0.30-a0-778-g2ef04afb54 (webtiles) character file.

Game seed: 15532796342063845835

205 Leeroy the Slasher (level 5, 0/26 HPs)
             Began as a Vine Stalker Warper on Feb 16, 2023.
             Slain by a gnoll
             ... wielding a +0 flail
              (3 damage)
             ... on level 3 of the Dungeon.
             The game lasted 00:02:36 (1969 turns).

Leeroy the Slasher (Vine Stalker Warper)            Turns: 1969, Time: 00:02:37

Health: 0/26       AC:  4    Str: 13    XL:     5   Next: 83%
Magic:  0/9        EV: 11    Int: 13    God:
Gold:   163        SH:  0    Dex: 16    Spells: 8/8 levels left

rFire   . . .      SeeInvis .    a - +0 falchion
rCold   . . .      Faith    .    (no shield)
rNeg    . . .      Spirit   +    b - +0 leather armour
rPois   .          Reflect  .    (no helmet)
rElec   .          Harm     .    (no cloak)
rCorr   .          Rampage  .    o - +0 pair of gloves
Will    .....                    (no boots)
Stlth   +                        (no amulet)
HPRegen 1.04/turn                (no ring)
MPRegen 0.11/turn                (no ring)

@: no status effects
A: fangs 2, regeneration 1, magic shield, antimagic bite, no potion heal 2
a: no special abilities


You were on level 3 of the Dungeon.
You visited 1 branch of the dungeon, and saw 3 of its levels.

You collected 163 gold pieces.

Inventory:

Hand Weapons
 a - a +0 falchion (weapon)
Missiles
 d - 7 boomerangs of dispersal (quivered)
Armour
 b - a +0 leather armour (worn)
 o - a +0 pair of gloves (worn)
Wands
 m - a wand of light (7)
 r - a wand of iceblast (18)
Scrolls
 c - a scroll of acquirement {unknown}
 e - 2 scrolls of immolation {unknown}
 g - 3 scrolls of fog {unknown}
 k - a scroll of magic mapping {unknown}
 n - 3 scrolls of identify {unknown}
 p - a scroll of silence {unknown}
 q - a scroll of vulnerability {unknown}
 s - a scroll of enchant weapon {unknown}
Potions
 f - a potion of heal wounds {unknown}
 h - 3 potions of invisibility {unknown}
 i - a potion of brilliance {unknown}
 j - a potion of degeneration {unknown}
 l - 2 potions of curing {unknown}


   Skills:
 - Level 1.7 Fighting
 + Level 5.3 Long Blades
 - Level 0.8 Throwing
 - Level 0.7 Armour
 - Level 1.5 Dodging
 - Level 2.1 Spellcasting
 - Level 3.0 Translocations


You had 8 spell levels left.
You didn't know any spells.
Your spell library contained the following spells:

 Spells                   Type           Power      Damage    Failure   Level
 Blink                    Tloc           18%        N/A       14%         2
 Lesser Beckoning         Tloc           18%        N/A       14%         2
 Teleport Other           Tloc           9%         N/A       28%         3
 Slow                     Hex            4%         N/A       32%         1
 Vhi's Electric Charge    Tloc/Air       10%        N/A       45%         3
 Confusing Touch          Hex            1%         N/A       67%         3
 Vampiric Draining        Necr           1%         2d6       67%         3
 Manifold Assault         Tloc           9%         N/A       67%         4


Dungeon Overview and Level Annotations

Branches:
Dungeon (3/15)

Altars:
Ashenzari

Shops:
D:1 (:?*:


Innate Abilities, Weirdness & Mutations

You have extremely sharp teeth.
Your natural rate of healing is unusually fast.
When hurt, damage is shared between your health and your magic reserves.
Your bite disrupts and absorbs the magic of your enemies.
Potions cannot restore your health.


Message History

The gnoll barely misses you.
You hit the gnoll. You bite the gnoll.
You kill the gnoll!
Things that are here:
a +0 spear; a gnoll corpse You see here a +0 dagger.
A gnoll comes into view. It is wielding a +0 flail.
A gnoll is nearby!
A gnoll is nearby!
You hit the gnoll but do no damage. The gnoll hits you but does no damage.
The gnoll hits you with a +0 flail!
You hit the gnoll.
The gnoll is lightly wounded.
The gnoll hits you with a +0 flail!
You completely miss the gnoll.
The gnoll is lightly wounded.
The gnoll hits you with a +0 flail.
You are too injured to fight recklessly!
You are too injured to fight recklessly!
You are too injured to fight recklessly!
You are too injured to fight recklessly!
You hit the gnoll. Your bite misses the gnoll.
The gnoll is lightly wounded.
The gnoll barely misses you.
You hit the gnoll but do no damage. Your bite misses the gnoll.
The gnoll is lightly wounded.
The gnoll hits you with a +0 flail.
You closely miss the gnoll. You bite the gnoll. You drain its power.
You feel invigorated.
The gnoll is moderately wounded.
The gnoll hits you with a +0 flail!
* * * LOW HITPOINT WARNING * * *
You closely miss the gnoll.
The gnoll is moderately wounded.
The gnoll hits you with a +0 flail.
* * * LOW HITPOINT WARNING * * *
You hit the gnoll.
The gnoll is moderately wounded.
The gnoll hits you with a +0 flail.
You die...

#.#.## #.# #.# #.# .###.# #.#
######.# #.# #.#.#####.#
#......# #.# ##.#.og...#
#.###### #.# ###.###### #.#
#.# #.# #.# #.#
#g###########.# #####.#######
#o##.......##.####............
#.##.......##@#..........#####
####...........)g......##.#.#
#..............).......##.#.#
#)#.###.......##.#.###.##.#.#
.)#...#.......##.......##.#.#
#####.#.......##...######.#.#
.##########...# ..#.# . #...#
#.# .. .....


You could see a gnoll.

Vanquished Creatures
  Ijyb (D:3)
  Jessica (D:2)
  An iguana (D:3)
  An orc wizard (D:3)
  3 gnolls (D:3)
  An adder (D:2)
  2 dart slugs
  4 orcs (D:3)
  A ball python (D:2)
  6 endoplasms
  2 giant cockroaches
  A goblin (D:1)
  6 hobgoblins
  10 jackals
  A quokka (D:2)
  5 bats
  A frilled lizard (D:1)
  2 kobolds (D:1)
  2 rats
51 creatures vanquished.

Notes
Turn   | Place    | Note
-------+----------+-------------------------------------------
     0 | D:1      | Leeroy the Vine Stalker Warper began the quest for the Orb.
     0 | D:1      | Reached XP level 1. HP: 11/11 MP: 4/4
    43 | D:1      | Found Asaa's Assorted Antiques.
    56 | D:1      | Reached skill level 2 in Long Blades
    64 | D:1      | Reached XP level 2. HP: 3/15 MP: 0/6
   171 | D:1      | Found Ypysisorph's Book Shoppe.
   200 | D:1      | Found Risuidin's Magic Scroll Shop.
   226 | D:1      | Found Adarchic's Weapon Boutique.
   417 | D:1      | Found Quoggaj's Book Boutique.
   438 | D:1      | Reached skill level 3 in Long Blades
   682 | D:2      | Reached XP level 3. HP: 17/18 MP: 5/7
   745 | D:2      | Noticed Jessica
   748 | D:2      | Killed Jessica
   749 | D:2      | Gained mutation: Your natural rate of healing is unusually
                  | fast. [Vine Stalker growth]
   749 | D:2      | Reached XP level 4. HP: 6/23 MP: 1/8
   923 | D:2      | Reached skill level 4 in Long Blades
  1440 | D:3      | Found a broken altar of Ashenzari.
  1440 | D:3      | Noticed Ijyb
  1516 | D:3      | Killed Ijyb
  1517 | D:3      | Reached XP level 5. HP: 23/26 MP: 9/9
  1724 | D:3      | Reached skill level 5 in Long Blades
  1804 | D:3      | HP: 1/26 [gnoll/+0 flail (10)]
  1969 | D:3      | Slain by a gnoll

Illustrated notes

Levels and vault maps discovered:
D:1:      denvon_arrival_waterhouse, layout_basic, serial_shops,
          nicolae_shop_bloodbath_and_beyond, nicolae_shop_trees, shop,
          nicolae_shop_stone, nicolae_shop_trees, minmay_pentomino_s2
D:2:      layout_basic, kennysheep_decorative_pillar, grunt_ministairs_1,
          kennysheep_generic_room_12, uniq_jessica
D:3:      layout_loops_ring, ashenzari_conservatory_becter, serial_glass,
          glass_columns_a, glass_columns_b, uniq_ijyb

Skill      XL: |  1  2  3  4  5 |
---------------+----------------+-----
Long Blades    | 2 3 4 5 |  5.3
Fighting       | |  1.7
Throwing       | |  0.8
Armour         | |  0.7
Dodging        | |  1.5
Spellcasting   | |  2.1
Translocations | |  3.0

Action                     |  1- 3 |  4- 6 || total
---------------------------+-------+-------++-------
  Melee: Falchion          |    63 |   129 ||   192
         Bite              |    13 |    34 ||    47
         Punch             |       |     1 ||     1
    Use: Scroll            |       |     1 ||     1
   Stab: Sleeping          |     1 |     1 ||     2
 Armour: Leather armour    |    13 |    28 ||    41
  Dodge: Dodged            |    43 |    73 ||   116

Table legend: (Time is in decaauts)
 A = Elapsed time spent in this place.
 B = Non-inter-level travel time spent in this place.
 C = Inter-level travel time spent in this place.
 D = Time resting spent in this place.
 E = Time spent auto-exploring this place.
 F = Levels seen in this place.
 G = Mean time per level.
                   A        B        C        D        E       F      G
               +--------+--------+--------+--------+--------+-----+--------+
         Total |   1991 |   1904 |     87 |      3 |   1442 |   3 |  663.7 |
       Dungeon |   1991 |   1904 |     87 |      3 |   1442 |   3 |  663.7 |
               +--------+--------+--------+--------+--------+-----+--------+

Top non-repeatable levels by time:
     D:2: 715 daAuts
     D:1: 688 daAuts
     D:3: 587 daAuts
